SL
MOBILE BAYBEARS @ JACKSONVILLE SUNS
05/24/2099
 
TOP OF THE 1ST
Mobile BayBears batting - Pitching for Jacksonville Suns : RHP Jonathan Garza
Pitching: RHP Jonathan Garza
Batting: SHB Roberto Ramos 0-0: Ground out 6-3 (Groundball, 6, EV 83.1 MPH)
Batting: RHB Paul Kish 0-0: Ball
1-0: Foul Ball, location: 7LMF
1-1: Ball
2-1: Foul Ball, location: 7LSF
2-2: Foul Ball, location: 2F
2-2: Foul Ball, location: 2F
2-2: Ground out 5-3 (Groundball, 5, EV 106.3 MPH)
Batting: LHB Al Casas 0-0: Called Strike
0-1: Foul Ball, location: 25F
0-2: Fly out, F7 (Flyball, 78M, EV 86.9 MPH)
Top of the 1st over - 0 runs, 0 hits, 0 errors, 0 left on base; Mobile 0 - Jacksonville 0
BOTTOM OF THE 1ST
Jacksonville Suns batting - Pitching for Mobile BayBears : LHP Jim Unknown
Pitching: LHP Jim Unknown
Batting: SHB Jeremy Maughan 0-0: Ball
1-0: Ground out 4-3 (Groundball, 4, EV 107.5 MPH)
Batting: RHB Dusty Evans 0-0: Foul Ball, location: 2F
0-1: Swinging Strike
0-2: Ball
1-2: Ball
2-2: Foul Ball, location: 2F
2-2: Ball
3-2: Ground out 4-3 (Groundball, 34, EV 85.6 MPH)
Batting: LHB Joe Krause 0-0: Swinging Strike
0-1: Ball
1-1: SINGLE (Line Drive, 34D, EV 105.0 MPH)
Batting: RHB Brett O'Grady 0-0: Ball
1-0: Foul Ball, location: 3FF
1-1: 2-RUN HOME RUN (Flyball, 7LD, EV 96.3 MPH), Distance : 356 ft
Batting: RHB Chris Kern 0-0: Called Strike
0-1: Ball
1-1: Ball
2-1: Ball
3-1: Base on Balls
Batting: RHB Steve Franek 0-0: Ball
1-0: SINGLE (Line Drive, 34D, EV 96.9 MPH)
Chris Kern to second
Runner from 2nd tries for 3rd, SAFE, throw by RF made to third
Batting: RHB Chris Jenkins 0-0: Ball
1-0: Called Strike
1-1: Swinging Strike
1-2: Ball
2-2: Strikes out looking
Bottom of the 1st over - 2 runs, 3 hits, 0 errors, 2 left on base; Mobile 0 - Jacksonville 2
TOP OF THE 2ND
Mobile BayBears batting - Pitching for Jacksonville Suns : RHP Jonathan Garza
Batting: LHB Jose Leiva 0-0: Ground out 4-3 (Groundball, 34, EV 83.1 MPH)
Batting: LHB Eric Northcutt 0-0: Ball
1-0: Ground out 6-3 (Groundball, 6, EV 88.8 MPH)
Batting: RHB Randy Steg 0-0: Swinging Strike
0-1: Swinging Strike
0-2: Hit by Pitch
Batting: RHB Rob Richardson 0-0: Called Strike
0-1: Reached on error, E6 (Groundball, 6, EV 83.8 MPH)
Randy Steg to second
Batting: RHB Santiago Bautista 0-0: Called Strike
0-1: Swinging Strike
0-2: Fielders Choice at 2nd, 6-4 (Groundball, 6, EV 105.0 MPH)
Top of the 2nd over - 0 runs, 0 hits, 1 error, 2 left on base; Mobile 0 - Jacksonville 2
BOTTOM OF THE 2ND
Jacksonville Suns batting - Pitching for Mobile BayBears : LHP Jim Unknown
Batting: RHB Jamie Klein 0-0: Ball
1-0: Swinging Strike
1-1: Called Strike
1-2: Fly out, F7 (Flyball, 78D, EV 103.8 MPH)
Batting: LHB Izzy Montes 0-0: Ball
1-0: Called Strike
1-1: DOUBLE (Line Drive, 7LM, EV 105.6 MPH)
Batting: SHB Jeremy Maughan 0-0: Ball
1-0: Ball
2-0: Foul Ball, location: 2F
2-1: Ball
3-1: Ground out 5-3 (Groundball, 56S, EV 85.0 MPH)
Izzy Montes to third
Batting: RHB Dusty Evans 0-0: Called Strike
0-1: Swinging Strike
0-2: Foul Ball, location: 5SF
0-2: Strikes out swinging
Bottom of the 2nd over - 0 runs, 1 hit, 0 errors, 1 left on base; Mobile 0 - Jacksonville 2
TOP OF THE 3RD
Mobile BayBears batting - Pitching for Jacksonville Suns : RHP Jonathan Garza
Batting: RHB Craig Barker 0-0: Called Strike
0-1: Foul Ball, location: 3FF
0-2: Ball
1-2: Foul Ball, location: 2F
1-2: Fly out, F9 (Flyball, 9D, EV 95.0 MPH)
Batting: SHB Roberto Ramos 0-0: Called Strike
0-1: Ball
1-1: SINGLE (Line Drive, 78S, EV 90.0 MPH)
Batting: RHB Paul Kish 0-0: Ball
Roberto Ramos steals 2nd, throwing error, E2
Roberto Ramos to third
1-0: SINGLE (Groundball, 5D, EV 97.5 MPH)
Roberto Ramos scores
Batting: LHB Al Casas 0-0: Foul Ball, location: 2F
0-1: Foul Ball, location: 3FF
0-2: Ball
1-2: Strikes out swinging
Batting: LHB Jose Leiva 0-0: Ball
1-0: Foul Ball, location: 2F
1-1: Swinging Strike
1-2: Strikes out looking
Top of the 3rd over - 1 run, 2 hits, 1 error, 1 left on base; Mobile 1 - Jacksonville 2
BOTTOM OF THE 3RD
Jacksonville Suns batting - Pitching for Mobile BayBears : LHP Jim Unknown
Batting: LHB Joe Krause 0-0: Swinging Strike
0-1: Swinging Strike
0-2: Foul Ball, location: 2LF
0-2: Foul Ball, location: 25F
0-2: Fly out, F7 (Flyball, 7S, EV 87.5 MPH)
Batting: RHB Brett O'Grady 0-0: Ball
1-0: Ball
2-0: Called Strike
2-1: Foul Ball, location: 2RF
2-2: Ball
3-2: Base on Balls
Batting: RHB Chris Kern 0-0: Ball
1-0: Single, Error in OF, E8, batter to second base (Line Drive, 8RS, EV 110.6 MPH)
Brett O'Grady to third
Batting: RHB Steve Franek 0-0: Swinging Strike
0-1: Ground out 6-3 (Groundball, 6, EV 83.1 MPH)
Brett O'Grady scores
Chris Kern to third
Batting: RHB Chris Jenkins 0-0: Called Strike
0-1: Ball
1-1: Called Strike
1-2: SINGLE (Groundball, 34S, EV 76.9 MPH) (infield hit)
Chris Kern scores
Batting: RHB Jamie Klein 0-0: Called Strike
0-1: Foul Ball, location: 25F
0-2: Ball
1-2: Foul Ball, location: 9LSF
1-2: Ball
2-2: Ball
3-2: Foul Ball, location: 2F
3-2: Foul Ball, location: 5DF
3-2: Foul Ball, location: 9LSF
3-2: Base on Balls
Chris Jenkins to second
Batting: LHB Izzy Montes 0-0: Fly out, F8 (Line Drive, 8LM, EV 110.0 MPH)
Bottom of the 3rd over - 2 runs, 2 hits, 1 error, 2 left on base; Mobile 1 - Jacksonville 4
TOP OF THE 4TH
Mobile BayBears batting - Pitching for Jacksonville Suns : RHP Jonathan Garza
Batting: LHB Eric Northcutt 0-0: Called Strike
0-1: Ball
1-1: Fly out, F5 (Line Drive, 5L, EV 64.4 MPH)
Batting: RHB Randy Steg 0-0: Ball
1-0: Called Strike
1-1: Ball
2-1: Ground out 1-3 (Groundball, 13S, EV 68.8 MPH)
Batting: RHB Rob Richardson 0-0: Fly out, F9 (Flyball, 89S, EV 98.8 MPH)
Top of the 4th over - 0 runs, 0 hits, 0 errors, 0 left on base; Mobile 1 - Jacksonville 4
BOTTOM OF THE 4TH
Jacksonville Suns batting - Pitching for Mobile BayBears : LHP Jim Unknown
Batting: SHB Jeremy Maughan 0-0: Ball
1-0: Foul Ball, location: 5F
1-1: Foul Ball, location: 5FF
1-2: Ball
2-2: Ground out 5-3 (Groundball, 15, EV 83.8 MPH)
Batting: RHB Dusty Evans 0-0: Called Strike
0-1: Ball
1-1: Ball
2-1: Swinging Strike
2-2: Foul Ball, location: 7LSFF
2-2: Ball
3-2: Fly out, F8 (Flyball, 8RD, EV 98.8 MPH)
Batting: LHB Joe Krause 0-0: Foul Ball, location: 2F
0-1: Ball
1-1: Foul Ball, location: 2F
1-2: Fly out, F7 (Line Drive, 78M, EV 91.9 MPH)
Bottom of the 4th over - 0 runs, 0 hits, 0 errors, 0 left on base; Mobile 1 - Jacksonville 4
TOP OF THE 5TH
Mobile BayBears batting - Pitching for Jacksonville Suns : RHP Jonathan Garza
Batting: RHB Santiago Bautista 0-0: Ball
1-0: Called Strike
1-1: Foul Ball, location: 3FF
1-2: Strikes out looking
Batting: RHB Craig Barker 0-0: Ball
1-0: Ball
2-0: Ball
3-0: Base on Balls
Batting: SHB Roberto Ramos 0-0: Fly out, F8 (Flyball, 8LS, EV 94.4 MPH)
Batting: RHB Paul Kish 0-0: Ball
1-0: Ball
2-0: Ground out 4-3 (Groundball, 4, EV 88.1 MPH)
Top of the 5th over - 0 runs, 0 hits, 0 errors, 1 left on base; Mobile 1 - Jacksonville 4
BOTTOM OF THE 5TH
Jacksonville Suns batting - Pitching for Mobile BayBears : LHP Jim Unknown
Batting: RHB Brett O'Grady 0-0: Called Strike
0-1: Ball
1-1: Foul Ball, location: 2F
1-2: Ball
2-2: SINGLE (Flyball, 4D, EV 82.5 MPH)
Batting: RHB Chris Kern 0-0: Called Strike
0-1: Foul Ball, location: 2F
0-2: SINGLE (Groundball, 5S, EV 71.3 MPH) (infield hit)
Brett O'Grady to second
Batting: RHB Steve Franek 0-0: Called Strike
0-1: SINGLE (Groundball, 34S, EV 67.5 MPH) (infield hit)
Brett O'Grady to third
Chris Kern to second
Batting: RHB Chris Jenkins 0-0: DOUBLE (Line Drive, 78D, EV 101.9 MPH)
Brett O'Grady scores
Chris Kern scores
Steve Franek to third
Pitching: RHP Jim Unknown
Batting: RHB Jamie Klein 0-0: Ball
1-0: Called Strike
1-1: Ball
2-1: DOUBLE (Flyball, 89XD, EV 112.5 MPH)
Steve Franek scores
Chris Jenkins scores
Batting: LHB Izzy Montes 0-0: Ball
1-0: Ball
2-0: Swinging Strike
2-1: Ground out 4-3 (Groundball, 4D, EV 99.4 MPH)
Jamie Klein to third
Batting: SHB Jeremy Maughan 0-0: Called Strike
0-1: Swinging Strike
0-2: Ball
1-2: Ball
2-2: Ground out 4-3 (Groundball, 4, EV 96.3 MPH)
Jamie Klein scores
Batting: RHB Dusty Evans 0-0: Ball
1-0: Ball
2-0: Foul Ball, location: 5F
2-1: Foul Ball, location: 9LSF
2-2: Foul Ball, location: 7LDF
2-2: SINGLE (Groundball, 34D, EV 95.0 MPH)
Batting: LHB Joe Krause 0-0: SINGLE (Line Drive, 8RS, EV 106.3 MPH)
Dusty Evans to second
Batting: RHB Brett O'Grady 0-0: 3-RUN HOME RUN (Flyball, 89XD, EV 103.1 MPH), Distance : 410 ft
Pitching: RHP Jim Unknown
Batting: RHB Chris Kern 0-0: Ball
1-0: Foul Ball, location: 9LMF
1-1: Ball
2-1: Swinging Strike
2-2: Strikes out swinging
Bottom of the 5th over - 8 runs, 8 hits, 0 errors, 0 left on base; Mobile 1 - Jacksonville 12
TOP OF THE 6TH
Mobile BayBears batting - Pitching for Jacksonville Suns : RHP Jonathan Garza
Batting: LHB Al Casas 0-0: Called Strike
0-1: DOUBLE (Line Drive, 78D, EV 104.4 MPH)
Batting: LHB Jose Leiva 0-0: Called Strike
0-1: Ground out 4-3 (Groundball, 4, EV 90.0 MPH)
Al Casas to third
Batting: LHB Eric Northcutt 0-0: Called Strike
0-1: Ball
1-1: Foul Ball, location: 5FF
1-2: Ground out 5-3 (Groundball, 56, EV 98.1 MPH)
Al Casas scores
Batting: RHB Randy Steg 0-0: Ground out U3 (Groundball, 3S, EV 83.1 MPH)
Top of the 6th over - 1 run, 1 hit, 0 errors, 0 left on base; Mobile 2 - Jacksonville 12
BOTTOM OF THE 6TH
Jacksonville Suns batting - Pitching for Mobile BayBears : RHP Jim Unknown
Batting: RHB Steve Franek 0-0: Foul Ball, location: 3F
0-1: Called Strike
0-2: Fly out, F9 (Line Drive, 89M, EV 90.0 MPH)
Batting: RHB Chris Jenkins 0-0: Called Strike
0-1: Ball
1-1: Ball
2-1: Ball
3-1: Foul Ball, location: 3DF
3-2: Base on Balls
Batting: RHB Jamie Klein 0-0: TRIPLE (Flyball, 89XD, EV 93.1 MPH)
Chris Jenkins scores
Batting: LHB Izzy Montes 0-0: Ball
1-0: Foul Ball, location: 25F
1-1: Swinging Strike
1-2: Ball
2-2: Foul Ball, location: 7LSF
2-2: Ball
3-2: Base on Balls
Batting: SHB Jeremy Maughan 0-0: Called Strike
0-1: Grounds out, U3 (Groundball, 3L, EV 88.8 MPH)
Jamie Klein scores
Batting: RHB Dusty Evans 0-0: Ball
1-0: Foul Ball, location: 2F
1-1: Called Strike
1-2: Fly out, F7 (Flyball, 7S, EV 93.8 MPH)
Bottom of the 6th over - 2 runs, 1 hit, 0 errors, 1 left on base; Mobile 2 - Jacksonville 14
TOP OF THE 7TH
Mobile BayBears batting - Pitching for Jacksonville Suns : RHP Jonathan Garza
Batting: RHB Rob Richardson 0-0: Ball
1-0: Fly out, F9 (Flyball, 9S, EV 88.1 MPH)
Pinch Hitting: RHB Jim Unknown 0-0: Swinging Strike
0-1: Foul Ball, location: 9LMF
0-2: Ball
1-2: Ball
2-2: SINGLE (Flyball, 4D, EV 93.1 MPH)
Batting: RHB Craig Barker 0-0: Called Strike
0-1: Ball
1-1: Swinging Strike
1-2: Ball
2-2: Ball
3-2: SINGLE (Line Drive, 6MD, EV 104.4 MPH)
Jim Unknown to second
Batting: SHB Roberto Ramos 0-0: Ball
1-0: Called Strike
1-1: Ball
2-1: Called Strike
2-2: Fly out, F8 (Flyball, 8LD, EV 102.5 MPH)
Pinch Hitting: LHB Jim Unknown 0-0: Reaches on Catchers interference
Jim Unknown to third
Craig Barker to second
Batting: LHB Al Casas 0-0: Called Strike
0-1: Foul Ball, location: 7LMF
0-2: Ball
1-2: Foul Ball, location: 2F
1-2: Ball
2-2: Ball
3-2: Foul Ball, location: 2F
3-2: Foul Ball, location: 7LDF
3-2: DOUBLE (Groundball, 3L, EV 106.9 MPH)
Jim Unknown scores
Craig Barker scores
Jim Unknown to third
Jim Unknown scores
Pitching: RHP Alfredo Coscia
Pinch Hitting: RHB Jim Unknown 0-0: Ball
1-0: Foul Ball, location: 23F
1-1: Foul Ball, location: 25F
1-2: Ball
2-2: Strikes out swinging
Top of the 7th over - 3 runs, 3 hits, 1 error, 1 left on base; Mobile 5 - Jacksonville 14
BOTTOM OF THE 7TH
Jacksonville Suns batting - Pitching for Mobile BayBears : RHP Jim Unknown
Now at 2B: Jim Unknown
Now at 3B: Jim Unknown
Now in LF: Beau Fenton
Batting: LHB Joe Krause 0-0: Fly out, F4 (Flyball, 4D, EV 95.6 MPH)
Batting: RHB Brett O'Grady 0-0: Ball
1-0: Ball
2-0: Fly out, F9 (Flyball, 9, EV 90.6 MPH)
Batting: RHB Chris Kern 0-0: Ball
1-0: Fly out, F7 (Flyball, 7LS, EV 87.5 MPH)
Bottom of the 7th over - 0 runs, 0 hits, 0 errors, 0 left on base; Mobile 5 - Jacksonville 14
TOP OF THE 8TH
Mobile BayBears batting - Pitching for Jacksonville Suns : RHP Alfredo Coscia
Batting: LHB Eric Northcutt 0-0: Foul Ball, location: 2F
0-1: Ball
1-1: Ball
2-1: Swinging Strike
2-2: Strikes out swinging
Batting: RHB Randy Steg 0-0: Foul Ball, location: 23F
0-1: Ball
1-1: Fly out, F8 (Flyball, 89D, EV 81.3 MPH)
Batting: RHB Rob Richardson 0-0: Ball
1-0: Called Strike
1-1: Called Strike
1-2: Ball
2-2: Fly out, F8 (Flyball, 8RD, EV 105.0 MPH)
Top of the 8th over - 0 runs, 0 hits, 0 errors, 0 left on base; Mobile 5 - Jacksonville 14
BOTTOM OF THE 8TH
Jacksonville Suns batting - Pitching for Mobile BayBears : RHP Jim Unknown
Batting: RHB Steve Franek 0-0: Called Strike
0-1: Foul Ball, location: 2F
0-2: Fly out, F6 (Line Drive, 6, EV 76.3 MPH)
Batting: RHB Chris Jenkins 0-0: Ball
1-0: Ball
2-0: Fly out, F7 (Line Drive, 7D, EV 106.3 MPH)
Batting: RHB Jamie Klein 0-0: Called Strike
0-1: Called Strike
0-2: Strikes out swinging
Bottom of the 8th over - 0 runs, 0 hits, 0 errors, 0 left on base; Mobile 5 - Jacksonville 14
TOP OF THE 9TH
Mobile BayBears batting - Pitching for Jacksonville Suns : RHP Alfredo Coscia
Pinch Hitting: RHB Jaiden Harris 0-0: Called Strike
0-1: Foul Ball, location: 9LDF
0-2: Strikes out swinging
Batting: RHB Craig Barker 0-0: Ball
1-0: Ball
2-0: Foul Ball, location: 25FF
2-1: Ground out 6-3 (Groundball, 6, EV 88.1 MPH)
Batting: SHB Roberto Ramos 0-0: Called Strike
0-1: Ground out 4-3 (Groundball, 34D, EV 82.5 MPH)
Top of the 9th over - 0 runs, 0 hits, 0 errors, 0 left on base; Mobile 5 - Jacksonville 14
Tuesday, May 7th , 2024 - OOTP Baseball 24.11 Build 85